Map: Overgrowth LE (Void)

Players

gnarwhal

  • Race: Zerg Zerg
  • League: Master
  • Spawn Location: 7:00

monk - Winner!

  • Race: Terran Terran
  • League: Master
  • Spawn Location: 1:00

VOD

Have the link to the VOD?

Description

Time

  • Played on: Dec. 28, 2016, 1:23 a.m.
  • Length: 10:30
Show
View Real Time Build Order
Export as new Build Order

gnarwhal Zerg 

Build Orders: Hatch First 

Get SALT Encoding   

  12  0:00  Drone  
  13  0:09  Drone  
  14  0:17  Overlord  
  14  0:23  Extractor, Drone  
  15  0:37  Drone x2  
  17  0:52  Hatchery  
  17  0:55  Drone  
  17  0:58  Drone  
  17  1:00  Extractor  
  17  1:15  Spawning Pool  
  17  1:18  Drone  
  17  1:20  Drone  
  18  1:28  Drone  
  19  1:37  Overlord  
  19  1:48  Drone  
  20  2:03  Zergling x2, Metabolic Boost, Queen  
  20  2:04  Zergling x2  
  20  2:06  Queen  
  26  2:10  Drone  
  26  2:15  Drone  
  28  2:21  Drone  
  29  2:27  Drone  
  30  2:35  Drone  
  31  2:39  Queen  
  31  2:42  Pneumatized Carapace  
  33  2:53  Hatchery  
  32  3:00  Drone x2  
  32  3:01  Overlord  
  32  3:04  Drone  
  35  3:12  Drone  
  36  3:26  Drone x6  
  42  3:28  Overlord  
  42  3:40  Drone  
  43  3:44  Drone  
  43  3:45  Drone, Baneling Nest  
  43  3:47  Evolution Chamber  
  41  3:50  Zergling x10  
  46  3:58  Drone x3  
  46  3:59  Extractor  
  48  4:03  Zergling x2  
  48  4:04  Queen  
  48  4:09  Drone x2  
  53  4:15  Zergling x2  
  53  4:16  Zergling x2  
  55  4:20  Drone  
  55  4:21  Zerg Ground Armor Level 1  
  54  4:36  Zergling x8  
  58  4:40  Lair  
  58  4:42  Extractor, Overlord  
  58  4:43  Extractor  
  55  4:57  Overlord  
  55  5:07  Drone x2  
  55  5:08  Drone x2  
  55  5:10  Drone x4  
  63  5:14  Drone x2  
  63  5:16  Overlord, Drone  
  63  5:18  Drone x2  
  68  5:33  Zergling x10  
  68  5:35  Baneling  
  68  5:36  Baneling x13  
  68  5:39  Zergling x6  
  68  5:40  Zergling x2  
  71  5:44  Spire  
  67  6:03  Zergling x8  
  71  6:19  Overlord x2  
  71  6:24  Hatchery, Burrow  
  70  6:35  Hatchery  
  69  6:51  Hatchery  
  68  6:55  Mutalisk x4  
  68  6:59  Overlord x2  
  76  7:10  Overseer  
  76  7:16  Mutalisk x2  
  76  7:17  Mutalisk x3  
  84  7:49  Mutalisk  
  84  7:50  Mutalisk x2  
  88  8:13  Mutalisk x3  
  88  8:15  Hatchery  
  93  8:21  Queen  
  93  8:22  Queen  
  93  8:23  Drone x6  
  93  8:24  Drone  
  104  8:41  Overlord x2  
  102  8:57  Hatchery  
  102  8:59  Drone x2  
  102  9:00  Evolution Chamber, Drone x8  
  102  9:01  Roach Warren  
  109  9:08  Extractor, Drone x2  
  109  9:09  Extractor, Drone x2  
  112  9:10  Drone x2  
  112  9:17  Overseer  
  113  9:25  Drone x3  
  113  9:27  Drone, Overlord  
  113  9:28  Drone  
  118  9:39  Hydralisk Den  
  118  9:43  Extractor  
  116  9:46  Roach x4  
  116  9:47  Roach x5  
  130  10:09  Roach x2  
Show
View Real Time Build Order
Export as new Build Order

monk Terran - Winner!

Build Orders: Reaper Expand 

Get SALT Encoding   

  12  0:00  SCV  
  13  0:12  SCV  
  14  0:17  Supply Depot  
  14  0:24  SCV  
  15  0:31  Refinery  
  15  0:39  SCV  
  16  0:44  Barracks  
  16  0:51  SCV  
  17  1:03  SCV  
  18  1:15  SCV  
  19  1:31  Reaper, Orbital Command  
  20  1:41  Command Center  
  20  1:53  Factory  
  20  1:56  SCV  
  21  2:08  SCV  
  21  2:12  Supply Depot, Refinery  
  21  2:13  Barracks Reactor  
  22  2:21  SCV  
  23  2:33  SCV  
  24  2:45  SCV  
  24  2:46  Factory  
  25  2:53  Orbital Command  
  25  2:54  Hellion  
  25  2:55  Hellion  
  25  2:58  SCV  
  30  2:59  Barracks Reactor  
  30  3:10  SCV  
  31  3:16  Hellion x2  
  31  3:19  SCV  
  36  3:23  SCV  
  36  3:26  Supply Depot  
  37  3:32  SCV  
  38  3:35  SCV  
  38  3:39  Supply Depot  
  39  3:43  Cyclone x2  
  39  3:44  SCV  
  39  3:47  SCV  
  47  3:52  Hellion  
  49  3:56  SCV  
  49  3:57  Cyclone  
  49  4:01  SCV  
  54  4:04  Supply Depot  
  54  4:08  SCV  
  55  4:14  Cyclone  
  55  4:15  SCV  
  59  4:20  SCV  
  60  4:29  SCV  
  60  4:30  Armory  
  61  4:32  SCV  
  61  4:38  Supply Depot  
  62  4:39  Hellion x2  
  62  4:41  SCV  
  62  4:42  Cyclone  
  70  4:49  Supply Depot  
  70  4:59  Command Center, SCV x2  
  74  5:00  Hellion  
  74  5:03  Refinery  
  74  5:04  Refinery  
  74  5:09  Cyclone  
  74  5:11  Hellion, SCV x2  
  81  5:24  SCV  
  81  5:25  SCV  
  81  5:27  Supply Depot  
  82  5:37  Cyclone  
  82  5:38  SCV  
  82  5:42  Hellion  
  86  5:43  Supply Depot  
  86  5:44  Supply Depot  
  86  5:49  Hellion x2  
  90  5:54  Supply Depot  
  90  5:55  Terran Vehicle Weapons Level 1  
  90  6:06  SCV  
  90  6:07  SCV  
  92  6:13  Hellion x7, Factory x2  
  92  6:16  Factory  
  92  6:24  SCV  
  92  6:25  SCV  
  94  6:37  SCV  
  94  6:39  SCV  
  96  6:41  Supply Depot  
  96  6:42  Supply Depot  
  96  6:44  Cyclone x2, Refinery, Hellion  
  96  6:45  Hellion  
  96  6:46  Refinery  
  106  6:52  SCV x2  
  108  6:55  Armory  
  108  6:59  Orbital Command  
  108  7:04  SCV x2  
  110  7:13  Factory Tech Lab x3  
  110  7:16  SCV x2  
  110  7:20  Supply Depot  
  110  7:21  Supply Depot  
  112  7:28  Engineering Bay, SCV  
  113  7:33  Thor x2  
  113  7:34  Thor  
  131  7:42  SCV x2  
  133  7:49  Widow Mine x3  
  133  7:50  Widow Mine  
  141  7:52  SCV  
  141  7:54  SCV  
  141  7:58  Supply Depot  
  143  7:59  Supply Depot, SCV  
  143  8:01  Missile Turret  
  143  8:04  SCV, Missile Turret  
  143  8:16  Thor  
  143  8:18  Terran Vehicle And Ship Armor Level 1  
  149  8:20  Missile Turret  
  149  8:25  SCV  
  149  8:26  SCV  
  151  8:27  Thor  
  157  8:34  Infernal Pre-Igniter  
  157  8:37  SCV  
  157  8:38  SCV  
  159  8:41  Building Armor  
  159  8:53  Missile Turret x2  
  159  8:54  Missile Turret  
  157  8:55  Thor  
  157  8:57  SCV x2  
  171  9:02  Hellion  
  171  9:03  Hellion x2  
  171  9:11  Missile Turret  
  171  9:16  Thor  
  177  9:25  Command Center  
  177  9:27  Siege Tank  
  180  9:37  Hellion x3  
  186  9:42  Missile Turret  
  186  9:54  Siege Tank  
Tags
 
Add a new tag
Caveats
  • Supply blocks, unpowered buildings, or Contaminate may cause inaccurate times.
  • Supply counts are checked every 10 seconds.